 Dungeon Crawl Stone Soup version 0.19.5 (webtiles) character file.

109 Gomac the Skirmisher (level 4, -1/36 HPs)
             Began as a Demonspawn Monk on Apr 25, 2017.
             Succumbed to a scorpion's poison
             ... on level 4 of the Dungeon.
             The game lasted 00:06:14 (2099 turns).

Gomac the Skirmisher (Demonspawn Monk)              Turns: 2099, Time: 00:06:15

Health: -1/36      AC: 10    Str: 12    XL:     4   Next: 60%
Magic:  3/4        EV:  9    Int: 11    God:
Gold:   189        SH:  4    Dex: 16    Spells: 0 memorised, 3 levels left

rFire  + + .     SeeInvis .     a - +0 falchion
rCold  x . .     Gourm    .     h - +0 fire dragon scales
rNeg   . . .     Faith    .     s - +0 buckler
rPois  .         Spirit   +     (no helmet)
rElec  .         Reflect  .     l - +0 cloak
rCorr  .         Harm     .     p - +0 pair of gloves
MR     .....                    (no boots)
Stlth  ..........               (no amulet)
                                (no ring)
                                (no ring)

@: lethally poisoned (-1 -> -16)
A: magic shield
a: no special abilities


You were on level 4 of the Dungeon.
You were not hungry.

You visited 1 branch of the dungeon, and saw 4 of its levels.

You collected 189 gold pieces.

Inventory:

Hand Weapons
 a - a +0 falchion (weapon)
 t - a +0 falchion of holy wrath
Armour
 b - a +0 robe
 h - +0 fire dragon scales (worn)
 l - a +0 cloak (worn)
 p - a +0 pair of gloves (worn)
 s - a +0 buckler (worn)
Jewellery
 e - an uncursed ring of stealth {unknown}
Scrolls
 d - a scroll of identify {unknown}
 i - a scroll of remove curse {unknown}
 j - a scroll of magic mapping {unknown}
 m - a scroll of blinking {unknown}
 o - a scroll of enchant weapon {unknown}
 r - a scroll of fear {unknown}
 v - a scroll of amnesia {unknown}
Potions
 f - a potion of magic {unknown}
 k - a potion of curing {unknown}
 q - a potion of degeneration {unknown}
Books
 u - a book of Cantrips

   Spells                             Type                      Level
   a - Confusing Touch                Hexes                        1
   b - Animate Skeleton               Necromancy                   1
   c - Summon Small Mammal            Summoning                    1
   d - Apportation                    Translocation                1
Comestibles
 c - 3 bread rations
 g - 4 meat rations
 n - 3 fruits


   Skills:
 + Level 3.6 Fighting
 + Level 3.6 Long Blades
 + Level 1.0 Armour
 + Level 3.4 Dodging
 + Level 1.9 Stealth
 + Level 0.3 Shields


You had 3 spell levels left.
You didn't know any spells.

Dungeon Overview and Level Annotations

Branches:
Dungeon (4/15)
 Temple: D:4-7

Altars:
Vehumet

Annotations:
D:3 Sigmund


Innate Abilities, Weirdness & Mutations

When hurt, damage is shared between your health and your magic reserves.


Message History

You feel sick.
The orc wizard casts a spell.
The orc wizard seems to speed up.
The scorpion stings you.
You are more poisoned.
The scorpion poisons you!
You feel very sick.
You feel sick.
* * * LOW HITPOINT WARNING * * *
You feel sick.
* * * LOW HITPOINT WARNING * * *
You feel sick.
* * * LOW HITPOINT WARNING * * *
You feel sick.
* * * LOW HITPOINT WARNING * * *
You feel sick.
* * * LOW HITPOINT WARNING * * *
You feel sick.
* * * LOW HITPOINT WARNING * * *
You feel sick.
You die...

#.#.........
..###..##.#####
........... .# #..##.#
#?........ #.###..##.#
#......... #......##.#
#.o....... #.###..##.#
#.######## #.# #..##.#
#o..# #.# #..##.#
.#####.########.###..##.#
.........oo.{s.@......##.#
..##############.........#
#.###...### #.# ##.## ###
#.# #.# #.# ###


You could see a scorpion, an orc wizard and an orc.

Vanquished Creatures
  4 adders
  4 dart slugs
  3 leopard geckos
  9 orcs (D:3)
  4 bats
  A giant cockroach (D:2)
  6 goblins
  3 hobgoblins
  4 jackals (D:2)
  4 kobolds
  A quokka (D:2)
  4 frilled lizards
  5 rats
52 creatures vanquished.

Notes
Turn   | Place    | Note
-------+----------+-------------------------------------------
     0 | D:1      | Gomac the Demonspawn Monk began the quest for the Orb.
     0 | D:1      | Reached XP level 1. HP: 18/18 MP: 1/1
   236 | D:1      | Gained mutation: When hurt, damage is shared between your health and your magic reserves. [demonic ancestry]
   236 | D:1      | Reached XP level 2. HP: 24/24 MP: 2/2
   812 | D:2      | Found a radiant altar of Vehumet.
   836 | D:2      | Reached XP level 3. HP: 21/29 MP: 3/3
  1298 | D:3      | Noticed Sigmund
  1362 | D:3      | Reached XP level 4. HP: 18/35 MP: 4/4
  1795 | D:3      | Reached skill level 1 in Armour
  2098 | D:4      | HP: 1/36 [poisoned by a scorpion]
  2099 | D:4      | Succumbed to a scorpion's poison

Skill      XL: |  1  2  3  4 |
---------------+-------------+-----
Dodging        | 3 |  3.4
Long Blades    | 3 |  3.6
Armour         | 1 |  1.0
Fighting       | |  3.6
Stealth        | |  1.9
Shields        | |  0.3

Action                   |  1- 3 |  4- 6 || total
-------------------------+-------+-------++-------
Melee: Falchion          |   136 |    72 ||   208
 Stab: Sleeping          |     1 |       ||     1
  Eat: Bread ration      |     1 |       ||     1
       Beef jerky        |     1 |       ||     1
Armor: Fire dragon scale |    76 |    33 ||   109
       Robe              |     4 |       ||     4
Dodge: Dodged            |    86 |    22 ||   108
Block: Buckler           |    11 |     7 ||    18
       Rpst.: Falchion   |    34 |     4 ||    38
